Map: Prion Terraces

Players

juhyg

  • Race: Zerg Zerg
  • League: Bronze

Talonrush - Winner!

  • Race: Terran Terran
  • League: Bronze

VOD

Have the link to the VOD?

Description

Time

  • Played on: Feb. 5, 2016, 7:51 p.m.
  • Length: 9:21
Show
View Real Time Build Order
Export as new Build Order

juhyg Zerg 

Build Orders: Pool First 

Get SALT Encoding   

  12  0:16  Drone x2  
  12  0:17  Overlord  
  14  0:35  Spawning Pool  
  13  0:42  Drone  
  14  0:43  Drone  
  15  0:50  Drone  
  16  0:59  Extractor  
  16  1:01  Drone  
  16  1:13  Drone  
  17  1:25  Drone, Queen  
  20  1:33  Drone  
  21  1:40  Extractor  
  21  1:43  Drone  
  21  2:03  Drone  
  22  2:09  Overlord  
  22  2:20  Roach Warren  
  22  2:21  Lair  
  21  2:23  Drone  
  21  2:28  Overlord  
  22  2:43  Drone x2, Zergling x2  
  25  2:48  Overlord  
  25  2:56  Metabolic Boost  
  25  3:10  Roach x3  
  25  3:11  Roach  
  31  3:40  Drone  
  32  3:46  Roach x5  
  42  4:03  Hydralisk Den  
  41  4:10  Drone  
  41  4:14  Overlord  
  42  4:21  Glial Reconstitution  
  42  4:26  Roach x2  
  42  4:28  Overlord x2  
  46  4:34  Muscular Augments  
  46  4:36  Hydralisk  
  48  4:57  Hydralisk x3  
  54  5:00  Zergling x2  
  55  5:13  Hydralisk  
  57  5:15  Hydralisk  
  59  5:32  Spore Crawler  
  59  5:35  Spore Crawler  
  57  5:41  Hydralisk x2  
  61  6:12  Hatchery  
  59  6:39  Roach x4  
  67  7:20  Hydralisk  
  67  7:22  Overlord x3  
  69  7:28  Spore Crawler  
  68  7:32  Spore Crawler  
  68  7:34  Drone x3  
  68  7:35  Drone  
  71  7:56  Queen  
  73  8:00  Drone  
  73  8:01  Drone x2  
  76  8:16  Hydralisk x2  
  80  8:54  Roach x3  
  80  8:55  Roach x5  
Show
View Real Time Build Order
Export as new Build Order

Talonrush Terran - Winner!

Build Orders: MMM Bio 

Get SALT Encoding   

  12  0:02  SCV  
  13  0:14  SCV  
  14  0:22  Supply Depot  
  14  0:26  SCV  
  15  0:45  Barracks  
  15  0:48  Refinery  
  15  0:49  SCV  
  16  1:01  SCV  
  17  1:13  SCV  
  18  1:26  SCV  
  19  1:38  Barracks Reactor  
  19  1:41  Supply Depot  
  19  1:43  SCV  
  20  1:49  Refinery  
  20  2:04  Orbital Command  
  20  2:17  Reaper x2  
  22  2:25  Command Center  
  22  2:31  SCV  
  23  2:46  Barracks  
  23  2:49  Marine x2  
  25  2:57  SCV  
  25  3:41  Marine x2  
  25  3:43  Barracks Tech Lab  
  25  3:44  Barracks  
  25  3:47  SCV x2  
  29  3:58  Supply Depot  
  29  4:00  Marine  
  29  4:01  Marine  
  31  4:10  Marauder, Stimpack  
  33  4:19  Factory  
  33  4:20  Marine x2  
  35  4:26  SCV x2  
  37  4:53  Marine x2, Barracks Reactor  
  37  4:54  Marauder  
  41  5:00  Engineering Bay  
  41  5:04  Engineering Bay  
  41  5:09  Factory Tech Lab  
  41  5:17  Marine x2  
  41  5:18  Marauder  
  45  5:28  Terran Infantry Weapons Level 1  
  45  5:30  Terran Infantry Armor Level 1  
  45  5:34  SCV x2  
  47  5:38  Marine  
  47  5:39  Marine x3  
  47  5:40  Marauder  
  53  5:48  Supply Depot  
  53  5:57  SCV  
  54  6:04  Marine x4  
  54  6:05  Siege Tank, SCV  
  54  6:10  SCV  
  63  6:11  Supply Depot  
  63  6:17  Marauder, SCV  
  65  6:21  Combat Shields  
  65  6:22  Marine x4  
  69  6:34  Starport, SCV x2  
  69  6:36  Refinery  
  71  6:41  Marine x2  
  71  6:42  Marine x2  
  71  6:43  Marauder  
  77  7:03  Supply Depot  
  77  7:04  Marine, Siege Tank  
  77  7:05  Marine x3  
  77  7:06  Marauder  
  86  7:11  Starport Reactor  
  86  7:13  Supply Depot  
  86  7:24  SCV x2  
  86  7:25  Marine x2  
  86  7:26  Marine x2  
  86  7:27  Marauder  
  94  7:36  Armory  
  94  7:37  Siege Tank  
  97  7:39  Supply Depot  
  97  7:41  Orbital Command  
  97  7:44  Refinery  
  97  7:59  Medivac x2  
  101  8:21  Supply Depot  
  101  8:33  Command Center  
  101  8:35  Medivac  
Tags
 
Composition
MMM Bio
Matchup
TvZ
Opening
Pool First
Add a new tag
Caveats
  • Supply blocks, unpowered buildings, or Contaminate may cause inaccurate times.
  • Supply counts are checked every 10 seconds.